 Dungeon Crawl Stone Soup version 0.19.4-8-ga85b6b9 (webtiles) character file.

147 Xarkox the Magician (level 5, -1/38 HPs)
             Began as a Draconian Wizard on Feb 13, 2017.
             Succumbed to Crazy Yiuf's poison
             ... on level 2 of the Dungeon.
             The game lasted 00:08:42 (2846 turns).

Xarkox the Magician (Draconian Wizard)              Turns: 2846, Time: 00:08:43

Health: -1/38      AC:  5    Str:  9    XL:     5   Next: 8%
Magic:  1/11       EV: 18    Int: 19    God:
Gold:   95         SH:  0    Dex: 15    Spells: 3 memorised, 7 levels left

rFire  . . .     SeeInvis .     (no weapon)
rCold  . . .     Gourm    .     (armour unavailable)
rNeg   . . .     Faith    .     (no shield)
rPois  .         Spirit   .     a - +0 hat
rElec  .         Reflect  .     (no cloak)
rCorr  .         Harm     .     (no gloves)
MR     +....                    (no boots)
Stlth  +++.......               (no amulet)
                                p - ring of wizardry
                                h - ring of protection from magic

@: agile, lethally poisoned (-1 -> -13), very slightly contaminated
A: unfitting armour, cold-blooded, AC +5
a: no special abilities


You were on level 2 of the Dungeon.
You were not hungry.

You visited 1 branch of the dungeon, and saw 2 of its levels.

You collected 95 gold pieces.

Inventory:

Armour
 a - a +0 hat (worn)
Jewellery
 h - a ring of protection from magic (left hand)
 p - a ring of wizardry (right hand)
Scrolls
 e - a scroll of identify
 j - 2 scrolls of enchant armour {unknown}
 l - a scroll of fear {unknown}
 n - 2 scrolls of remove curse {unknown}
Potions
 f - a potion of resistance
 i - a potion of cure mutation {unknown}
 k - a potion of might {unknown}
 q - a potion of mutation {unknown}
Books
 b - a book of Minor Magic

   Spells                             Type                      Level
   a - Magic Dart                     Conjuration                  1
   b - Blink                          Translocation                2
   c - Call Imp                       Summoning                    2
   d - Repel Missiles                 Charms/Air                   2
   e - Slow                           Hexes                        2
   f - Conjure Flame                  Conjuration/Fire             3
   g - Mephitic Cloud                 Conjuration/Poison/Air       3
Comestibles
 c - a bread ration
 m - a meat ration
 o - a slice of pizza


   Skills:
 + Level 0.2 Fighting
 + Level 2.6 Dodging
 + Level 2.2 Stealth
 + Level 0.4 Unarmed Combat
 + Level 4.2 Spellcasting
 + Level 2.1 Conjurations
 + Level 1.3 Summonings
 + Level 1.0 Translocations


You had 7 spell levels left.
You knew the following spells:

 Your Spells              Type           Power        Failure   Level  Hunger
a - Magic Dart            Conj           ##..         3%          1    None
b - Call Imp              Summ           #.......     6%          2    #......
c - Blink                 Tloc           N/A          6%          2    #......


Dungeon Overview and Level Annotations

Branches:
Dungeon (2/15)

Altars:
Ru
Xom

Annotations:
D:2 Crazy Yiuf


Innate Abilities, Weirdness & Mutations

Your plain brown scales are hard. (AC +5)
You cannot fit into any form of body armour.
You are cold-blooded and may be slowed by cold attacks.


Message History

You feel sick. Crazy Yiuf closely misses you.
* * * LOW HITPOINT WARNING * * *
You feel sick.
* * * LOW HITPOINT WARNING * * *
You feel sick.
* * * LOW HITPOINT WARNING * * *
You feel sick.
Crazy Yiuf twirls on the spot.
It was a potion of agility.
You feel agile all of a sudden.
* * * LOW HITPOINT WARNING * * *
You feel sick. Crazy Yiuf barely misses you.
* * * LOW HITPOINT WARNING * * *
You feel sick.
* * * LOW HITPOINT WARNING * * *
You feel sick.
All of the chunks of flesh in your inventory have rotted away.
* * * LOW HITPOINT WARNING * * *
You feel sick.
You die...

##g# #...........
#.## #...........
##.# #...........
##.## #...<.......
##P..# #...........
#..P.# #...........
#.g..# ##........<.
#....# #.......#..
#.@.## #.......#.#
##.######.......#.#
#..............#.#
########......>#.#
######..#.. #.....
#...#. #.####
#...#.


You could see Crazy Yiuf.

Vanquished Creatures
  3 gnolls (D:2)
  7 adders (D:2)
  A worm (D:2)
  A dart slug (D:1)
  A leopard gecko (D:2)
  3 giant cockroaches (D:2)
  3 goblins
  2 hobgoblins (D:2)
  2 jackals (D:2)
  7 kobolds
  A quokka (D:2)
  2 ball pythons
  4 bats
  4 frilled lizards
  4 rats
45 creatures vanquished.

Vanquished Creatures (collateral kills)
  A gnoll (D:2)
  A dart slug (D:2)
  3 goblins (D:2)
  A jackal (D:2)
  2 quokkas (D:2)
  2 frilled lizards (D:2)
  A kobold (D:2)
11 creatures vanquished.

Grand Total: 56 creatures vanquished

Notes
Turn   | Place    | Note
-------+----------+-------------------------------------------
     0 | D:1      | Xarkox the Draconian Wizard began the quest for the Orb.
     0 | D:1      | Reached XP level 1. HP: 14/14 MP: 4/4
   274 | D:1      | Reached XP level 2. HP: 20/20 MP: 1/6
  1065 | D:2      | Reached XP level 3. HP: 15/26 MP: 1/8
  1107 | D:2      | Learned a level 2 spell: Call Imp
  1597 | D:2      | Reached XP level 4. HP: 6/33 MP: 2/9
  1872 | D:2      | Reached skill level 4 in Spellcasting
  2056 | D:2      | Learned a level 2 spell: Blink
  2473 | D:2      | Found a sacrificial altar of Ru.
  2613 | D:2      | Reached XP level 5. HP: 31/38 MP: 5/11
  2711 | D:2      | Found a shimmering altar of Xom.
  2820 | D:2      | Found a runed door.
  2824 | D:2      | Noticed Crazy Yiuf
  2845 | D:2      | HP: 1/38 [poisoned by Crazy Yiuf]
  2846 | D:2      | Succumbed to Crazy Yiuf's poison

Skill      XL: |  1  2  3  4 |
---------------+-------------+-----
Dodging        | 2 |  2.6
Stealth        | 2 |  2.2
Spellcasting   | 4 |  4.2
Conjurations   | 2 |  2.1
Fighting       | |  0.2
Unarmed Combat | |  0.4
Summonings     | |  1.3
Translocations | |  1.0

Action                   |  1- 3 |  4- 6 || total
-------------------------+-------+-------++-------
Melee: Unarmed           |    51 |    40 ||    91
       Tailslap          |     4 |     3 ||     7
 Cast: Magic Dart        |    64 |    63 ||   127
       Call Imp          |     5 |     6 ||    11
       Blink             |       |     2 ||     2
  Use: Scroll            |     3 |       ||     3
       Potion            |       |     1 ||     1
  Eat: Chunk             |     2 |     4 ||     6
Armor: Skin              |    38 |    12 ||    50
Dodge: Dodged            |    64 |    46 ||   110
